Map: Persephone LE

Players

Zesty

  • Race: Zerg Zerg
  • League: Master
  • Spawn Location: 11:00

Aliexpress - Winner!

  • Race: Protoss Protoss
  • League: Master
  • Spawn Location: 7:00

VOD

Have the link to the VOD?

Description

zvp

Time

  • Played on: Oct. 26, 2025, 11:49 p.m.
  • Length: 9:44
Show
View Real Time Build Order
Export as new Build Order

Zesty Zerg 

Build Orders: Hatch First 

Get SALT Encoding   

  12  0:00  Drone  
  13  0:10  Drone  
  14  0:15  Extractor, Drone  
  15  0:22  Overlord  
  15  0:42  Drone  
  16  0:46  Hatchery  
  16  0:50  Drone  
  16  0:52  Drone  
  18  0:57  Drone  
  18  1:07  Extractor  
  17  1:13  Spawning Pool  
  17  1:15  Drone  
  17  1:19  Drone  
  18  1:26  Drone  
  19  1:37  Drone  
  20  1:49  Drone  
  21  2:00  Queen  
  23  2:02  Queen, Overlord  
  23  2:07  Drone  
  26  2:12  Metabolic Boost  
  26  2:17  Drone x2  
  28  2:24  Zergling x4  
  30  2:31  Drone x2  
  32  2:39  Hatchery  
  31  2:46  Queen  
  31  2:51  Overlord  
  33  2:54  Drone  
  33  2:55  Drone  
  33  2:57  Drone  
  36  3:02  Overlord  
  36  3:09  Drone  
  36  3:11  Drone x3  
  40  3:17  Drone  
  40  3:18  Queen  
  43  3:29  Spore Crawler  
  43  3:30  Queen  
  43  3:33  Drone x3  
  47  3:39  Overlord  
  47  3:45  Drone x2  
  49  3:54  Drone x2  
  49  3:55  Drone x2  
  53  4:02  Drone x5  
  58  4:07  Spore Crawler  
  50  4:26  Drone x4  
  50  4:27  Spore Crawler  
  50  4:29  Lair  
  53  4:32  Extractor  
  53  4:33  Extractor  
  53  4:36  Drone x4  
  54  4:44  Overlord  
  54  4:47  Extractor  
  54  4:48  Drone x4  
  54  4:51  Roach Warren  
  54  4:52  Evolution Chamber  
  55  4:58  Drone x4  
  59  5:04  Overlord  
  59  5:10  Drone, Overlord  
  60  5:16  Drone x5  
  65  5:24  Overlord  
  65  5:25  Drone x3  
  68  5:29  Drone  
  68  5:31  Hatchery  
  68  5:44  Zergling x22  
  79  5:55  Drone x3  
  82  6:00  Drone x2  
  82  6:02  Hatchery, Zerg Melee Weapons Level 1  
  83  6:19  Drone x7  
  90  6:29  Glial Reconstitution  
  90  6:30  Overlord  
  90  6:31  Overlord x4  
  89  6:33  Spine Crawler  
  89  6:34  Spine Crawler  
  89  6:35  Spine Crawler x2  
  89  6:39  Roach x2  
  89  6:45  Roach x3  
  95  6:51  Roach x7  
  95  6:54  Roach x3  
  110  7:07  Roach x7  
  117  7:13  Roach x4  
  125  7:24  Baneling Nest  
  125  7:27  Ravager  
  125  7:29  Hatchery, Ravager  
  125  7:35  Drone x8  
  133  7:37  Extractor x2  
  133  7:41  Drone x5  
  133  7:42  Overlord x3  
  136  7:45  Infestation Pit  
  136  7:48  Evolution Chamber  
  136  7:49  Overlord  
  134  7:54  Overlord x3  
  133  8:10  Queen  
  133  8:11  Drone x11  
  146  8:28  Hive  
  146  8:29  Centrifugal Hooks  
  146  8:30  Ravager x9  
  146  8:31  Zergling x4  
  146  8:32  Zergling x4  
  146  8:33  Overlord  
  159  8:38  Drone  
  159  8:39  Drone x5  
  159  8:40  Drone  
  166  8:42  Drone x2  
  166  8:43  Drone  
  166  8:44  Zergling x2  
  166  8:45  Zergling x2  
  171  8:54  Zergling x16  
  171  8:55  Extractor  
  178  8:56  Baneling x8  
  178  8:57  Extractor  
  178  9:01  Spire  
  176  9:03  Overseer  
  176  9:04  Overseer  
  176  9:07  Zergling x2  
  176  9:08  Zergling x16  
  185  9:13  Drone  
  185  9:14  Drone x2  
  185  9:15  Drone x3  
Show
View Real Time Build Order
Export as new Build Order

Aliexpress Protoss - Winner!

Build Orders: 1 Gate Expand, Oracle Opening, Archon Immortal 

Get SALT Encoding   

  12  0:00  Probe  
  13  0:12  Probe  
  14  0:17  Pylon  
  14  0:24  Probe  
  15  0:32  Probe  
  15  0:38  Gateway  
  15  0:40  Probe  
  16  0:46  Assimilator  
  17  0:51  Probe  
  18  1:03  Probe  
  19  1:15  Probe  
  20  1:22  Nexus  
  20  1:33  Cybernetics Core  
  20  1:36  Probe  
  21  1:42  Assimilator  
  20  1:50  Probe  
  21  1:55  Pylon  
  21  2:02  Probe  
  21  2:04  Adept  
  22  2:14  Probe  
  25  2:16  Stargate  
  25  2:23  Probe  
  25  2:24  Warp Gate  
  26  2:31  Probe x2  
  26  2:34  Adept  
  30  2:39  Probe  
  30  2:43  Probe  
  31  2:49  Probe  
  32  2:53  Oracle  
  32  2:55  Probe  
  34  3:01  Probe  
  38  3:08  Probe  
  39  3:13  Probe  
  40  3:20  Nexus  
  40  3:23  Probe, Oracle  
  40  3:26  Probe  
  45  3:35  Pylon  
  45  3:40  Probe  
  46  3:47  Gateway  
  46  3:52  Pylon  
  46  3:53  Probe x2  
  48  3:55  Assimilator  
  48  3:58  Assimilator  
  48  4:05  Probe x2  
  50  4:15  Probe  
  50  4:17  Probe  
  50  4:23  Probe  
  49  4:25  Twilight Council  
  49  4:27  Forge  
  49  4:29  Probe x2  
  51  4:31  Probe  
  53  4:41  Probe x2  
  53  4:42  Gateway x2, Protoss Ground Weapons Level 1  
  53  4:44  Probe, Gateway  
  56  4:46  Gateway  
  56  4:51  Probe  
  56  4:53  Probe, Charge  
  56  4:56  Probe  
  56  4:57  Stalker  
  56  4:58  Stalker  
  63  5:07  Probe x2  
  63  5:09  Probe  
  66  5:19  Probe x2  
  66  5:21  Probe  
  69  5:31  Probe x2  
  69  5:32  Pylon  
  69  5:33  Shield Battery, Probe  
  69  5:35  Zealot x2  
  76  5:39  Pylon  
  76  5:44  Probe  
  77  5:50  Zealot x4  
  77  5:53  Pylon  
  85  5:57  Gateway  
  85  5:59  Templar Archives  
  85  6:01  Assimilator, Gateway  
  85  6:02  Zealot x2  
  89  6:05  Assimilator  
  89  6:10  Zealot x2  
  93  6:11  Zealot x2  
  93  6:15  Pylon  
  97  6:25  Probe x3  
  100  6:34  Robotics Facility  
  100  6:35  Gateway  
  100  6:36  Robotics Facility, Gateway  
  100  6:37  Pylon, Probe x2  
  100  6:39  Psionic Storm  
  102  6:40  Probe  
  103  6:54  High Templar x3  
  103  6:55  High Templar  
  107  7:11  Void Ray  
  107  7:20  Zealot x3  
  117  7:25  Immortal  
  117  7:27  Pylon  
  117  7:28  Pylon  
  117  7:29  Pylon x2  
  117  7:35  Immortal  
  117  7:40  Pylon  
  117  7:41  Pylon  
  121  7:51  High Templar x4  
  121  7:56  Nexus  
  121  7:57  Pylon  
  129  7:59  Immortal  
  129  8:05  Void Ray  
  133  8:07  Immortal  
  137  8:15  Zealot x4  
  137  8:18  Zealot x2  
  153  8:24  Zealot x2  
  157  8:27  High Templar x2  
  157  8:29  Immortal  
  157  8:31  Archon  
  161  8:38  Zealot x4  
  173  8:43  Pylon  
  173  8:44  Pylon  
  173  8:45  Pylon  
  173  8:51  Immortal  
  173  9:02  Observer  
  181  9:05  Zealot x8  
  181  9:07  Void Ray  
  181  9:08  High Templar  
  200  9:21  Assimilator  
  200  9:22  Assimilator  
  164  9:40  Archon  
Tags
 
Add a new tag
Caveats
  • Supply blocks, unpowered buildings, or Contaminate may cause inaccurate times.
  • Supply counts are checked every 10 seconds.